 Dungeon Crawl Stone Soup version 0.25-a0-651-g8c222c7a2b (webtiles) character file.

Game seed: 14976346316986866983, levelgen mode: deterministic

28564 Darkdwarf the Cleaver (level 13, -5/117 HPs)
             Began as a Deep Dwarf Fighter on Mar 22, 2020.
             Was a Priest of Makhleb.
             Slain by a deep troll shaman (8 damage)
             ... while petrified by you
             ... on level 6 of the Lair of Beasts.
             The game lasted 00:26:53 (12050 turns).

Darkdwarf the Cleaver (Deep Dwarf Fighter)         Turns: 12050, Time: 00:26:54

Health: -5/117     AC: 23    Str: 24    XL:     13   Next: 10%
Magic:  11/11      EV:  2    Int: 10    God:    Makhleb [***...]
Gold:   733        SH:  0    Dex: 12    Spells: 12/12 levels left

rFire    + + .     SeeInvis +   D - +1 hand axe (flame)
rCold    . . .     Gourm    .   c - +0 kite shield
rNeg     + + +     Faith    .   o - +2 chain mail {rF+}
rPois    ∞         Spirit   .   T - +2 hat {SInv}
rElec    .         Reflect  .   k - +0 cloak
rCorr    .         Harm     .   y - +0 pair of gloves
MR       +....                  B - +2 pair of boots {Stlth+}
Stlth    ..........             C - amulet of rage
HPRegen  0.00/turn              F - ring of poison resistance (curse)
MPRegen  0.12/turn              h - ring of protection from fire

@: petrified, berserk cooldown, non-regenerating, slowed
A: damage resistance, heal wounds, sense surroundings 2, no regeneration
a: Heal Wounds, Minor Destruction, Lesser Servant of Makhleb, Renounce Religion,
Evoke Berserk Rage


You were on level 6 of the Lair of Beasts.
You worshipped Makhleb.
Makhleb was most pleased with you.
You were hungry.

You visited 3 branches of the dungeon, and saw 16 of its levels.
You also visited: Ossuary.

You collected 733 gold pieces.

Inventory:

Hand Weapons
 D - a +1 hand axe of flaming (weapon)
Missiles
 P - 6 silver javelins (quivered)
Armour
 c - a +0 kite shield (worn)
 k - a +0 cloak (worn)
 o - a +2 chain mail of fire resistance (worn)
 y - a +0 pair of gloves (worn)
 B - a +2 pair of boots of stealth (worn)
 T - a +2 hat of see invisible (worn)
Jewellery
 a - an uncursed ring of protection from magic
 h - a ring of protection from fire (right hand)
 C - an amulet of rage (around neck)
 F - a cursed ring of poison resistance (left hand)
 L - an uncursed ring of see invisible
 N - a +5 ring of protection {unknown}
 O - an uncursed ring of positive energy
 U - an uncursed ring of wizardry
 Z - an uncursed ring of positive energy
Wands
 b - a wand of digging (6)
 g - a wand of scattershot (5)
 v - a wand of polymorph (22)
 H - a wand of flame (16)
 S - a wand of iceblast (6)
Scrolls
 i - 5 scrolls of teleportation
 j - 7 scrolls of fog
 m - 5 scrolls of amnesia
 n - 5 scrolls of immolation
 p - 2 scrolls of identify
 r - 3 scrolls of holy word
 t - 5 scrolls of blinking
 x - 4 scrolls of remove curse
 E - a scroll of brand weapon
 Q - 3 scrolls of enchant weapon
 W - a scroll of magic mapping
Potions
 d - 3 potions of might
 e - 3 potions of lignification
 l - 2 potions of magic
 q - 4 potions of haste
 s - 4 potions of curing
 u - 3 potions of cancellation
 w - 2 potions of berserk rage
 z - a potion of invisibility {unknown}
 A - 3 potions of heal wounds
 I - 2 potions of degeneration {unknown}
 J - 2 potions of stabbing
 K - a potion of ambrosia
 M - a potion of flight
 R - 3 potions of resistance
 X - 2 potions of mutation
 Y - a potion of brilliance
Miscellaneous
 V - a phantom mirror
Comestibles
 f - 29 rations
 G - 2 chunks of flesh


   Skills:
 + Level 8.1 Fighting
 + Level 13.4 Axes
 * Level 12.5 Armour
 + Level 2.6 Dodging
 + Level 12.0 Shields
 * Level 7.5 Evocations


You had 12 spell levels left.
You didn't know any spells.
Your spell library was empty.

Dungeon Overview and Level Annotations

Branches:
Dungeon (9/15)             Temple (1/1) D:7            Lair (6/6) D:9
 Shoals (0/4) Lair:2       Spider (0/4) Lair:2      Ossuary (visited)
  Slime: Lair:5-6       Orc: D:9-12

Altars:
Ashenzari
Cheibriados
Dithmenos
Elyvilon
Fedhas
Gozag
Hepliaklqana
Makhleb
Nemelex Xobeh
Okawaru
Qazlal
Ru
Sif Muna
Vehumet
Wu Jian
Xom
Yredelemnul
Zin
The Shining One

Shops:
D:9 [

Annotations:
D:8 2 transporters, Sickboy's ghost, novice MiFi
D:9 3 runed translucent doors, CryoSword's ghost, journeyman TrFi; Jatopt's ghost, novice MiBe; Ruudo's ghost, journeyman HaHu; TimeIsEndless's ghost, novice DrTm
Lair:2 exclusion: 2 oklob plants
Lair:4 exclusion: oklob plant


Innate Abilities, Weirdness & Mutations

You are resistant to damage.
You can heal yourself by infusing magical energy.
You passively map the area around you.
You do not regenerate.


Message History

* * * LOW HITPOINT WARNING * * *
The deep troll shaman claws you!
* * * LOW HITPOINT WARNING * * *
The deep troll shaman claws you!
* * * LOW HITPOINT WARNING * * *
The catoblepas gores you but does no damage.
The deep troll shaman bites you but does no damage.
The deep troll shaman claws you but does no damage.
The deep troll shaman claws you!
* * * LOW HITPOINT WARNING * * *
The catoblepas gores you but does no damage.
The deep troll shaman bites you!
* * * LOW HITPOINT WARNING * * *
The deep troll shaman claws you!
* * * LOW HITPOINT WARNING * * *
The deep troll shaman claws you but does no damage.
The catoblepas gores you!
* * * LOW HITPOINT WARNING * * *
The deep troll shaman bites you!!
You die...

#.###
##..P#####
#........ ,,*
* #.....##
*#Y..÷.##,
##Y#YY..# *
##DY#YT....#
,*
##YT##.....÷..
,
#.@♣#....#..8.
*,
#...#...##,...
, #♣.P#..##
*.8 , ,
#...#÷.. * ,.
, ##..#.÷. ,,8
,, #..## 8 ,
#...# , ,
#...## ,, ,
#.÷..#,8 , *


You could see 3 death yaks, a catoblepas, a seven-headed hydra and a deep troll
shaman.

Vanquished Creatures
  Gastronok (D:9)
  2 hydras
  A catoblepas (Lair:2)
  A two-headed ogre (D:9)
  15 elephants
  2 black mambas
  Joseph (D:8)
  4 spiny frogs
  6 komodo dragons
  5 rime drakes
  A queen bee (Lair:1)
  A polar bear (Lair:6)
  Prince Ribbit (D:9)
  7 blink frogs
  6 hippogriffs
  A human (D:8)
  A tarantella (Lair:2)
  4 wyverns
  20 yaks
  A steam dragon (D:7)
  A basilisk (Lair:4)
  Duvessa (D:4)
  5 water moccasins
  4 porcupines
  2 black bears (D:9)
  A sky beast (D:9)
  An orc warrior (D:8)
  An ice beast (D:9)
  2 phantoms
  10 wolves
  4 ogres
  9 centaurs
  6 crocodiles
  10 bullfrogs
  Dowan (D:4)
  A water moccasin skeleton (D:9)
  3 scorpions
  14 killer bees (Lair:1)
  3 wights (D:9)
  A bullfrog zombie (D:7)
  6 centaur zombies
  8 crimson imps
  8 hounds
  A quasit (D:7)
  A jelly (D:8)
  2 centaur skeletons
  An orc priest (D:8)
  A gnoll shaman (D:7)
  7 orc wizards
  4 iguanas
  5 worker ants
  A killer bee zombie (D:7)
  A big kobold zombie (Ossuary)
  5 mummies (Ossuary)
  A howler monkey skeleton (D:8)
  8 gnolls
  12 adders
  A shadow imp (D:7)
  An ooze (D:5)
  2 adder skeletons
  8 worms
  5 dart slugs
  4 leopard geckos
  24 orcs
  4 ball pythons
  9 bats
  6 giant cockroaches
  11 goblins
  4 hobgoblins
  11 jackals
  7 quokkas
  8 frilled lizards
  2 hobgoblin zombies (Ossuary)
  7 kobolds
  2 quokka skeletons
  A quokka zombie (D:9)
  6 rats
  A butterfly (Lair:4)
  3 fungi
  3 plants (Lair:2)
363 creatures vanquished.

Vanquished Creatures (others)
  An electric eel (D:6)
  An adder (D:3)
  A bat (D:3)
  A hobgoblin (D:3)
  2 fungi
  2 plants
8 creatures vanquished.

Grand Total: 371 creatures vanquished

Notes
Turn   | Place    | Note
-------+----------+-------------------------------------------
     0 | D:1      | Darkdwarf the Deep Dwarf Fighter began the quest for the
                  | Orb.
     0 | D:1      | Reached XP level 1. HP: 20/20 MP: 1/1
   102 | D:1      | Reached XP level 2. HP: 25/27 MP: 2/2
   458 | D:2      | Reached XP level 3. HP: 30/33 MP: 3/3
   506 | D:2      | Reached skill level 3 in Axes
   511 | D:2      | Reached XP level 4. HP: 34/42 MP: 4/4
   602 | D:2      | Found a stormy altar of Qazlal.
   624 | D:2      | Found a blossoming altar of Fedhas.
   944 | D:2      | Found a shattered altar of Ashenzari.
   955 | D:2      | Found an opulent altar of Gozag.
   959 | D:2      | Found a shimmering blue altar of Sif Muna.
  1030 | D:3      | Reached XP level 5. HP: 25/49 MP: 5/5
  1060 | D:3      | Found a radiant altar of Vehumet.
  1223 | D:3      | Reached skill level 4 in Axes
  1480 | D:3      | Found a sacrificial altar of Ru.
  1725 | D:4      | Reached XP level 6. HP: 28/56 MP: 5/5
  1757 | D:4      | Found a sand-covered staircase.
  1765 | Ossuary  | Entered an ossuary
  1783 | Ossuary  | Reached skill level 5 in Armour
  1787 | Ossuary  | Reached skill level 5 in Axes
  1810 | Ossuary  | Reached XP level 7. HP: 44/63 MP: 6/6
  1992 | D:4      | Reached skill level 5 in Shields
  2085 | D:4      | Noticed Duvessa
  2086 | D:4      | Noticed Dowan
  2100 | D:4      | Killed Duvessa
  2100 | D:4      | Reached skill level 6 in Axes
  2108 | D:4      | Killed Dowan
  2136 | D:4      | You fall into a shaft and drop 2 floors!
  2212 | D:5      | Entered Level 5 of the Dungeon
  2286 | D:5      | HP: 3/64 [phantom (7)]
  2292 | D:5      | Reached XP level 8. HP: 37/72 MP: 7/7
  2296 | D:5      | Reached skill level 7 in Axes
  3998 | D:6      | Reached skill level 8 in Axes
  4546 | D:7      | Found a staircase to the Ecumenical Temple.
  4560 | D:7      | Noticed a hippogriff
  4574 | Temple   | Entered the Ecumenical Temple
  4580 | Temple   | Gained mutation: You passively map the area around you.
                  | [Deep Dwarf growth]
  4580 | Temple   | Reached XP level 9. HP: 27/79 MP: 6/6
  4629 | Temple   | Became a worshipper of Makhleb the Destroyer
  5106 | D:7      | Reached skill level 5 in Fighting
  5110 | D:7      | Reached skill level 9 in Axes
  5213 | D:8      | Noticed Sickboy's ghost (novice MiFi)
  5263 | D:8      | Reached * piety under Makhleb
  5458 | D:8      | Found a shimmering altar of Xom.
  5714 | D:8      | Found a transporter.
  5748 | D:8      | Found a transporter.
  5793 | D:8      | Noticed Joseph
  5827 | D:8      | Killed Joseph
  5827 | D:8      | Reached skill level 10 in Axes
  5827 | D:8      | Reached XP level 10. HP: 26/88 MP: 6/6
  6208 | D:9      | Reached ** piety under Makhleb
  6219 | D:9      | Found a staircase to the Lair.
  6221 | D:9      | Noticed Prince Ribbit
  6230 | D:9      | Killed Prince Ribbit
  6257 | D:9      | Reached skill level 1 in Evocations
  6315 | D:9      | Noticed Gastronok
  6349 | D:9      | Killed Gastronok
  6349 | D:9      | Reached skill level 11 in Axes
  6349 | D:9      | Reached skill level 10 in Armour
  6369 | D:9      | Found Couh's Armour Emporium.
  6517 | D:9      | Noticed a two-headed ogre
  6532 | D:9      | HP: 4/91 [two-headed ogre/cursed +0 giant spiked club (15)]
  6535 | D:9      | Killed a two-headed ogre
  6535 | D:9      | Reached XP level 11. HP: 28/99 MP: 8/8
  6621 | D:9      | Found a runed translucent gate.
  6622 | D:9      | Found a runed translucent gate.
  6623 | D:9      | Found a runed translucent gate.
  6624 | D:9      | Noticed TimeIsEndless's ghost (novice DrTm)
  6624 | D:9      | Noticed Jatopt's ghost (novice MiBe)
  6625 | D:9      | Noticed CryoSword's ghost (journeyman TrFi)
  6625 | D:9      | Noticed Ruudo's ghost (journeyman HaHu)
  6868 | Lair:1   | Entered Level 1 of the Lair of Beasts
  7229 | Lair:1   | Found a sacrificial altar of Ru.
  7476 | Lair:1   | Noticed a four-headed hydra
  7487 | Lair:1   | Killed a one-headed hydra
  7520 | Lair:1   | Reached *** piety under Makhleb
  7520 | Lair:1   | Reached skill level 10 in Shields
  7621 | Lair:1   | Reached skill level 12 in Axes
  7940 | Lair:2   | Found a hole to the Spider Nest.
  8012 | Lair:2   | Found a staircase to the Shoals.
  8070 | Lair:2   | Noticed an oklob plant
  8308 | Lair:2   | Noticed a catoblepas
  8323 | Lair:2   | Killed a catoblepas
  8355 | Lair:2   | Reached skill level 1 in Dodging
  8739 | Lair:2   | Noticed an oklob plant
  9288 | Lair:3   | Reached XP level 12. HP: 109/109 MP: 11/11
  9306 | Lair:3   | Noticed a seven-headed hydra
  9312 | Lair:3   | Reached **** piety under Makhleb
  9328 | Lair:3   | Killed a one-headed hydra
  9560 | Lair:4   | Found a stormy altar of Qazlal.
  9765 | Lair:4   | Reached skill level 5 in Evocations
 11471 | Lair:6   | Entered Level 6 of the Lair of Beasts
 11488 | Lair:6   | Reached skill level 13 in Axes
 11813 | Lair:6   | Reached XP level 13. HP: 98/117 MP: 13/13
 12024 | Lair:6   | HP: 4/117 [catoblepas (4)]
 12050 | Lair:6   | HP: 3/117 [catoblepas (7)]
 12050 | Lair:6   | Slain by a deep troll shaman

Levels and vault maps discovered:
D:1:      minmay_arrival_checkered_box, layout_rooms, chequers_garden
D:2:      cheibrodos_helix_gallery, layout_rooms,
          grunt_temple_overflow_forces_of_nature,
          minmay_overflow_temple_star_quad
D:3:      layout_loops_cross, fiery_altar_vehumet, nicolae_ru_path_of_blood
D:4:      layout_basic, first_ration, nicolae_ossuary_entry_false_entrances,
          mrwooster_statue_mirror, uniq_duvessa
D:5:      cheibrodos_fzero, layout_loops_ring, grunt_ministairs_9,
          corexii_shack, minivault_23
D:6:      layout_rooms, minmay_misc_feat_pillars, nicolae_water_bricks,
          grunt_ministairs_12
D:7:      layout_basic, minmay_temple_entry_statues_fountains
D:8:      layout_gridville, gammafunk_ghost_stat_death, grunt_pizzeria,
          xom_teletrap_fun, uniq_joseph
D:9:      layout_loops_cross, due_lair_maze_entry_diamond,
          gammafunk_ghost_cemetery, serial_shops, shop, grunt_ministairs_7,
          uniq_gastronok, uniq_prince_ribbit1
Temple:   nicolae_temple_elliptical
Lair:1:   layout_misc_corridors, special_room [special_room_bee],
          lemuel_centaur_altar
Lair:2:   layout_roguey, elwin_shoals_entry_rocks, spider_nest_entry_rubble,
          special_room, minmay_lair_oklob_chamber
Lair:3:   layout_misc_corridors
Lair:4:   layout_small_grid, lemuel_oklob_altar, lemuel_fruit_fields
Lair:5:   layout_gridlike, minivault_25, serial_bayou_shore_b
Lair:6:   grunt_lair_end_beastmaster, layout_regular_city, slime_altar_1,
          wad_woods_river_04, grunt_megastairs_4

Skill      XL: |  1  2  3  4  5  6  7  8  9 10 11 12 13 |
---------------+----------------------------------------+-----
Fighting       | 3 4 5 6 7 8 |  8.1
Armour         | 4 5 6 7 9 10 11 12 | 12.5
Axes           | 3 4 5 6 8 10 11 12 13 | 13.4
Shields        | 4 5 6 7 9 10 11 12 | 12.0
Evocations     | 1 4 7 |  7.5
Dodging        | 1 2 |  2.6

Action                   |  1- 3 |  4- 6 |  7- 9 | 10-12 | 13-15 || total
-------------------------+-------+-------+-------+-------+-------++-------
Melee: War axe           |    81 |   221 |   103 |       |       ||   405
       Hand axe          |       |       |   387 |   996 |    89 ||  1472
 Abil: Heal Wounds       |       |     5 |    14 |    14 |     4 ||    37
       Evoke Berserk Rag |       |       |       |     4 |     1 ||     5
Evoke: Wand              |       |       |     3 |     3 |       ||     6
  Use: Scroll            |       |       |       |    26 |       ||    26
 Stab: Petrified         |       |       |       |       |     4 ||     4
  Eat: Chunk             |       |     4 |    13 |    21 |     1 ||    39
       Ration            |       |       |       |     1 |       ||     1
Armor: Scale mail        |    47 |   121 |    70 |       |       ||   238
       Chain mail        |       |       |   188 |   485 |    93 ||   766
Dodge: Dodged            |    25 |    92 |   126 |   241 |    38 ||   522
Block: Kite shield       |    46 |   173 |   274 |   619 |    54 ||  1166

Table legend:
 A = Non-vault XP
 B = Vault XP
 C = Vault XP percentage of total XP
 D = Non-vault monster count
 E = Vault monster count
 F = Vault count percentage of total count
                 A         B        C        D         E       F
            +---------+---------+-------+---------+---------+-------
      Total |   31261 |    9546 |  23.4 |     278 |      78 |  21.9
            +---------+---------+-------+---------+---------+-------
        D:1 |      37 |       0 |   0.0 |      19 |       0 |   0.0
        D:2 |      86 |       3 |   3.4 |      26 |       2 |   7.1
        D:3 |     179 |       0 |   0.0 |      34 |       0 |   0.0
        D:4 |     439 |     229 |  34.3 |      21 |       2 |   8.7
        D:5 |     201 |     427 |  68.0 |      10 |      13 |  56.5
        D:6 |     387 |      79 |  17.0 |       7 |       5 |  41.7
        D:7 |    1636 |       0 |   0.0 |      30 |       0 |   0.0
        D:8 |    1280 |     674 |  34.5 |      29 |       2 |   6.5
        D:9 |    1939 |    3862 |  66.6 |      15 |      12 |  44.4
     Temple |      36 |       0 |   0.0 |       1 |       0 |   0.0
     Lair:1 |    2840 |    1628 |  36.4 |      10 |      19 |  65.5
     Lair:2 |    3268 |     210 |   6.0 |      12 |       1 |   7.7
     Lair:3 |    3227 |       0 |   0.0 |      12 |       0 |   0.0
     Lair:4 |    5350 |       0 |   0.0 |      18 |       0 |   0.0
     Lair:5 |    3278 |       0 |   0.0 |      12 |       0 |   0.0
     Lair:6 |    7078 |    2091 |  22.8 |      22 |       9 |  29.0
    Ossuary |       0 |     343 | 100.0 |       0 |      13 | 100.0
            +---------+---------+-------+---------+---------+-------
